AoeStats
← MattAtArms

Arabia

507529837Analyzed
1v1 RM · 14d ago on Sep 18, 2026· 21m 14s· 2 players
Game mode
Random Map
Map size
Tiny (2 player)
Population
200
Speed
Normal
Resources
Standard
Victory
Conquest
Starting age
Dark Age
Ending age
Imperial Age
RankedLock teamsTeams togetherTeam positionsShared explorationLock speedFull tech treeHidden civsTurbo modeCheats
Victory
Defeat
🇬🇧 Gurjaras · United Kingdom
1883
+22
🇩🇪 Burgundians · Germany
2031
-22
MattAtArms
3:43 Loom
8:27 Feudal Age
6:45 Loom
9:09 Double-Bit Axe
14:02 Fletching
15:24 Loom
20:10 Castle Age
17:57 Loom
18:45 Padded Archer Armor
19:08 Gold Mining
19:02 Horse Collar
20:21 Crossbowman
20:59 Bodkin Arrow
_Riley_
6:24 Loom
9:08 Feudal Age
9:06 Double-Bit Axe
9:18 Man-at-Arms
13:29 Fletching
17:45 Padded Archer Armor
Connection lost

Rejoining the realm…

Still unreachable

The connection could not be restored.

Session expired

The server has moved on; the page needs a fresh start.